 Dungeon Crawl Stone Soup version 0.29.1-13-g9f3cf754e1 (webtiles) character file.

Game seed: 17393370074521259125

3155 croobank the Covert (level 9, -1/63 HPs)
             Began as an Octopode Delver on Jan 19, 2023.
             Was an Initiate of Gozag.
             Slain by a wraith (4 damage)
             ... on level 7 of the Dungeon.
             The game lasted 00:27:24 (8473 turns).

croobank the Covert (Octopode Delver)               Turns: 8473, Time: 00:27:25

Health: -1/63      AC:  9    Str: 12    XL:     9   Next: 93%
Magic:  17/17      EV: 19    Int: 16    God:    Gozag
Gold:   193        SH:  0    Dex: 13    Spells: 18/18 levels left

rFire   . . .      SeeInvis .   a - +3 hand axe
rCold   . . .      Faith    .   (no shield)
rNeg    + . .      Spirit   .   (helmet restricted)
rPois   .          Reflect  .   (no amulet)
rElec   .          Harm     .   m - +4 ring of protection
rCorr   .          Rampage  .   p - +4 ring of evasion
Will    .....                   t - +4 ring of protection
Stlth   ++++++....              z - ring of positive energy
HPRegen 0.20/turn               (no ring)
MPRegen 0.15/turn               (no ring)
                                (no ring)
                                (no ring)

@: slowed, very slow
A: almost no armour, amphibious, 8 rings, camouflage 1, gelatinous body 1,
(nimble swimmer 1), tentacles
a: Renounce Religion, Potion Petition, Call Merchant, Bribe Branch


You were on level 7 of the Dungeon.
You worshipped Gozag.
Gozag was aware of your devotion.
You visited 2 branches of the dungeon, and saw 9 of its levels.

You collected 757 gold pieces.
You paid 564 gold pieces to Gozag.

Inventory:

Hand Weapons
 a - a +3 hand axe (weapon)
 c - a +0 dagger of draining
 k - a +0 short sword
 n - a +0 war axe
 o - a +1 vampiric dagger
 q - a +2 vorpal scythe
 r - a +0 shortbow
Missiles
 e - 15 poisoned darts (quivered)
Armour
 v - an orb of guile
Magical Staves
 s - a staff of death
Jewellery
 m - a +4 ring of protection (left tentacle)
 p - a +4 ring of evasion (right tentacle)
 t - a +4 ring of protection (on tentacle)
 z - a ring of positive energy (on tentacle)
Wands
 f - a wand of digging (1)
 i - a wand of iceblast (9)
 j - a wand of flame (39)
Scrolls
 b - 3 scrolls of fog
 l - a scroll of enchant armour
Potions
 d - a potion of mutation
 g - 2 potions of flight
 h - 3 potions of magic


   Skills:
 + Level 6.8 Fighting
 + Level 6.3 Axes
 + Level 6.3 Dodging
 + Level 10.8 Stealth
 + Level 5.3 Spellcasting


You had 18 spell levels left.
You didn't know any spells.
Your spell library contained the following spells:

 Spells                   Type           Power      Damage    Failure   Level
 Conjure Flame            Conj/Fire      4%         6-21      41%         3
 Ignite Poison            Fire/Tmut/Pois 4%         N/A       41%         3
 Sticky Flame             Conj/Fire      4%         2d3       82%         4


Dungeon Overview and Level Annotations

Branches:
Dungeon (8/15)             Temple (1/1) D:6
   Lair: D:8-11

Altars:
Ashenzari
Dithmenos
Elyvilon
Gozag
Hepliaklqana
Kikubaaqudgha
Makhleb
Nemelex Xobeh
Qazlal
Ru
Sif Muna
Trog
Uskayaw
Wu Jian
Yredelemnul
Zin


Innate Abilities, Weirdness & Mutations

You cannot wear most types of armour.
You are amphibious.
You can wear up to eight rings at the same time.
Your skin changes colour to match your surroundings (Stealth+).
Your rubbery body absorbs attacks. (AC +1, EV +1)
((You are camouflaged when in or above water. (Stealth+)))
You have tentacles for arms and can constrict up to eight enemies at once.


Message History

You barely miss the wraith.
You are engulfed in a cloud of scalding steam.
The steam dragon breathes steam at you. The ball of steam misses you.
The wraith is engulfed in a cloud of scalding steam.
The wraith hits you.
You closely miss the steam dragon.
The steam dragon is heavily wounded.
You hit the wraith but do no damage. The steam dragon barely misses you.
The steam dragon claws you but does no damage.
The wraith completely misses you. The wraith barely misses you.
The steam dragon misses you.
The steam dragon claws you but does no damage.
You completely miss the steam dragon. Your squeeze misses the steam dragon.
The steam dragon is heavily wounded.
You hit the wraith but do no damage. The steam dragon bites you.
The steam dragon closely misses you. The wraith hits you.
The wraith drains your vigour!
You feel as though you will be slow longer.
Okay, then.
Okay, then.
Okay, then.
Okay, then.
Okay, then.
Aiming: Throw Flame
Press: ? - help, Shift-Dir - straight line, f - wraith
Aim: a wraith (heavily damaged, 68% to hit)
The puff of flame hits the wraith but does no damage.
The wraith is heavily damaged.
The steam dragon bites you but does no damage.
The steam dragon barely misses you. The wraith misses you.
The steam dragon breathes steam at you. The ball of steam hits you!!
* * * LOW HITPOINT WARNING * * *
The wraith hits you but does no damage.
You slash the steam dragon!
The steam dragon is severely wounded.
You hit the wraith but do no damage. The wraith hits you.
You die...
Your body crumbles into a pile of gold.

### ....## # ...>## ###
.:.... $ ..... ..#
...... ###.# #.#
###...<.. ..#.# #.#
##........ ....# #.#
#..≈...... #)..######.#
#._.......
...........####§WD.....#
#.###...........@§......
#............####......#
#..#########.# #####.#
#....<..(..#.# # $
.....#####.#.#
#........#.#.#
#...####.#.#.#
#........#.#.#
#...######.#.# .


You could see a wraith and a steam dragon.

Vanquished Creatures
  Maggie (D:7)
  Prince Ribbit (D:7)
  A vampire (D:6)
  Sigmund (D:3)
  2 steam dragons (D:7)
  Eustachio (D:5)
  An acid dragon (D:7)
  3 ice beasts
  3 black bears
  4 ogres
  A centaur (D:7)
  Blork the orc (D:5)
  A kobold brigand (D:6)
  2 necrophages (D:6)
  4 scorpions
  2 hounds (D:5)
  2 orc priests
  An iguana (D:5)
  2 orc wizards (D:6)
  7 gnolls
  3 adders (D:6)
  2 shadow imps
  A white imp (D:6)
  An ufetubus (D:6)
  A worm (D:3)
  A dart slug (D:3)
  9 orcs
  6 bats
  6 endoplasms
  5 giant cockroaches
  3 goblins
  3 hobgoblins
  7 kobolds
  3 quokkas
  10 ball pythons
  6 frilled lizards
  9 rats
117 creatures vanquished.

Vanquished Creatures (others)
  2 plants (D:6)
2 creatures vanquished.

Grand Total: 119 creatures vanquished

Notes
Turn   | Place    | Note
-------+----------+-------------------------------------------
     0 | D:5      | croobank the Octopode Delver began the quest for the Orb.
     0 | D:5      | Reached XP level 1. HP: 16/16 MP: 1/1
    36 | D:6      | Found a staircase to the Ecumenical Temple.
    63 | D:5      | Noticed an ogre
    72 | D:6      | Noticed an ogre
    72 | D:6      | Noticed a kobold brigand
   114 | D:6      | Noticed a necrophage
   116 | D:6      | Noticed a necrophage
   198 | D:4      | Found an opulent altar of Gozag.
   242 | D:3      | Found a stormy altar of Qazlal.
   244 | D:3      | Found a faded altar of an unknown god.
   599 | D:4      | Reached XP level 2. HP: 11/21 MP: 2/2
   788 | D:3      | Noticed Sigmund
  1229 | D:1      | Reached XP level 3. HP: 26/26 MP: 4/4
  1393 | D:1      | Reached skill level 1 in Spellcasting
  1995 | D:2      | Reached skill level 7 in Stealth
  2031 | D:2      | Found a faded altar of an unknown god.
  2542 | D:3      | Reached XP level 4. HP: 31/31 MP: 5/5
  3089 | D:4      | Noticed a scorpion
  3098 | D:4      | Killed a scorpion
  3099 | D:4      | Reached XP level 5. HP: 37/37 MP: 5/7
  3125 | D:4      | Found a glowing silver altar of Zin.
  3125 | D:4      | Found a sacrificial altar of Ru.
  3371 | D:4      | Found an ornate altar of the Wu Jian Council.
  3514 | D:4      | Found a bloodstained altar of Trog.
  3665 | D:5      | Noticed a black bear
  3672 | D:5      | Killed a black bear
  3673 | D:5      | Reached XP level 6. HP: 43/43 MP: 7/9
  3691 | D:5      | Found a basalt altar of Yredelemnul.
  3738 | D:5      | Found a hazy altar of Hepliaklqana.
  4110 | D:5      | Reached skill level 8 in Stealth
  4110 | D:5      | Reached XP level 7. HP: 49/49 MP: 10/10
  4182 | D:5      | Noticed Blork the orc
  4192 | D:5      | Killed Blork the orc
  4201 | D:5      | Noticed Eustachio
  4638 | Temple   | Entered the Ecumenical Temple
  4815 | D:4      | Became a worshipper of Gozag Ym Sagoz the Greedy
  4939 | D:6      | Reached XP level 8. HP: 41/54 MP: 12/12
  5025 | D:6      | Reached skill level 5 in Fighting
  5324 | D:6      | Reached skill level 9 in Stealth
  5954 | D:6      | Reached skill level 5 in Axes
  6046 | D:6      | Noticed a vampire
  6090 | D:6      | HP: 3/84 [something (4)]
  6096 | D:6      | Killed a vampire
  6097 | D:6      | Reached skill level 5 in Dodging
  6400 | D:6      | Noticed a yak
  6496 | D:7      | Noticed Prince Ribbit
  6624 | D:7      | Noticed Maggie
  6894 | D:7      | Reached XP level 9. HP: 55/62 MP: 15/15
  7019 | D:3      | Killed Sigmund
  7180 | D:5      | Killed Eustachio
  7181 | D:5      | Reached skill level 10 in Stealth
  7855 | D:7      | Found a shadowy altar of Dithmenos.
  7872 | D:7      | Killed Prince Ribbit
  7873 | D:7      | Reached skill level 5 in Spellcasting
  8292 | D:7      | Killed Maggie
  8453 | D:7      | Found a white marble altar of Elyvilon.
  8472 | D:7      | HP: 2/63 [steam dragon/ball of steam (21)]
  8473 | D:7      | Slain by a wraith

Illustrated notes

Levels and vault maps discovered:
D:1:      erik_arrival_triangle_large, layout_loops_ring,
          corexii_leaking_fountain, minmay_heptomino_d4
D:2:      layout_basic, hellmonk_ecumenical_altar_zigzags,
          minmay_rat_gold_closets
D:3:      layout_loops_ring, nicolae_overflow_ecumenical_swirl,
          supply_closet_lemuel, uniq_sigmund
D:4:      layout_loops_corners, nicolae_gozag_seed_capital,
          mainiacjoe_overflow_six_doors_small, gammafunk_temple_overflow_claw
D:5:      layout_rooms, chequers_temple_overflow_statue_of_worship,
          grunt_decor_resistance, uniq_pikel, uniq_eustachio, uniq_blork_the_orc
D:6:      layout_loops_ring, minmay_temple_entry_gardened_gates,
          eino_small_chamber_without_monster, minmay_misc_feat_four_crosses,
          minmay_three_doors
D:7:      layout_basic, xom_teletrap_fun, hangedman_feature_mirror,
          nzn_random_ring, uniq_maggie, uniq_prince_ribbit1
D:8:      layout_layer_cave, mainiacjoe_overflow_alcove_1, tso_metal_star,
          enter_ossuary_4, gammafunk_ghost_necromancy
Temple:   hellmonk_temple_flake

Skill      XL: |  1  2  3  4  5  6  7  8  9 |
---------------+----------------------------+-----
Spellcasting   | 1 2 3 4 5 |  5.3
Stealth        | 7 8 9 10 | 10.8
Axes           | 3 4 5 6 |  6.3
Fighting       | 4 5 6 |  6.8
Dodging        | 3 4 5 6 |  6.3

Action                   |  1- 3 |  4- 6 |  7- 9 || total
-------------------------+-------+-------+-------++-------
Melee: Hand axe          |    63 |    57 |   223 ||   343
       Constrict         |    11 |    15 |    23 ||    49
       Punch             |     2 |       |       ||     2
       Tentacles         |     8 |    13 |    40 ||    61
Throw: Dart              |       |    21 |    28 ||    49
       Throwing net      |       |     2 |     5 ||     7
Invok: Potion Petition   |       |       |     2 ||     2
Evoke: Wand              |     2 |       |    18 ||    20
  Use: Scroll            |     6 |       |    12 ||    18
       Potion            |     1 |     7 |     8 ||    16
 Stab: Sleeping          |    27 |     9 |     5 ||    41
       Distracted        |       |     3 |     4 ||     7
       Held in net/web   |       |       |     1 ||     1
Armor: Skin              |     7 |     8 |    87 ||   102
Dodge: Dodged            |    34 |    39 |   203 ||   276
